 Dungeon Crawl Stone Soup version 0.28.0-1-gb440e238dd (webtiles) character file.

Game seed: 11060139902962440083

8734 Sanktem7 the Fighter (level 11, -14/105 HPs)
             Began as a Minotaur Fighter on Feb 23, 2022.
             Was an Initiate of Gozag.
             Frozen to death by mcwallace's ghost (25 damage)
             ... on level 9 of the Dungeon.
             The game lasted 00:25:40 (12220 turns).

Sanktem7 the Fighter (Minotaur Fighter)            Turns: 12220, Time: 00:25:40

Health: -14/105    AC: 11    Str: 25    XL:     11   Next: 13%
Magic:  10/10      EV: 22    Int:  5    God:    Gozag
Gold:   1556       SH:  4    Dex: 10    Spells: 10/10 levels left

rFire   . . .      SeeInvis .   a - +0 war axe (chaos) {axe}
rCold   . . .      Faith    .   c - +0 buckler
rNeg    . . .      Spirit   .   j - +0 plate armour
rPois   .          Reflect  .   (helmet restricted)
rElec   .          Harm     .   x - +1 cloak
rCorr   +          Rampage  .   (no gloves)
Will    .....                   (no boots)
Stlth   ..........              g - amulet of the acrobat
HPRegen 0.27/turn               p - +4 ring of slaying
MPRegen 0.12/turn               y - ring of resist corrosion

@: gold aura, acrobatic
A: horns 2, retaliatory headbutt, deformed body
a: Renounce Religion, Potion Petition, Call Merchant, Bribe Branch


You were on level 9 of the Dungeon.
You worshipped Gozag.
Gozag was most pleased with you.
You visited 1 branch of the dungeon, and saw 9 of its levels.
You also visited: Ossuary.

You collected 1605 gold pieces.
You paid 49 gold pieces to Gozag.


Innate Abilities, Weirdness & Mutations

You have a pair of horns on your head.
You reflexively headbutt those who attack you in melee.
Armour fits poorly on your strangely shaped body.


   Skills:
 * Level 12.6 Fighting
 * Level 12.4 Axes
 - Level 7.0 Crossbows
 + Level 9.4 Armour
 + Level 0.5 Dodging
 - Level 3.6 Shields


You had 10 spell levels left.
You didn't know any spells.
Your spell library contained the following spells:

 Spells                   Type           Power      Damage    Failure   Level
 Sting                    Tmut/Pois      0%         1d3       100%        1
 Poisonous Vapours        Pois/Air       0%         N/A       100%        2
 Dazzling Flash           Conj/Hex       0%         N/A       100%        3
 Gell's Gravitas          Tloc           0%         N/A       100%        3
 Lesser Beckoning         Tloc           0%         N/A       100%        3
 Teleport Other           Tloc           0%         N/A       100%        3
 Airstrike                Air            0%         N/A       100%        4
 Iskenderun's Mystic Bla  Conj/Tloc      0%         2d3       100%        4
 Olgreb's Toxic Radiance  Pois           0%         N/A       100%        4
 Summon Lightning Spire   Summ/Air       0%         N/A       100%        4
 Lightning Bolt           Conj/Air       0%         1d11      100%        5
 Starburst                Conj/Fire      0%         6d3       100%        6

Inventory:

Hand Weapons
 a - a +0 war axe of chaos (weapon) {axe}
 f - a +2 flail of protection {mace}
   (You took it off an orc on level 3 of the Dungeon)
 k - a +2 trident of flaming {polearm}
   (You took it off a gnoll sergeant on level 9 of the Dungeon)
 o - a +3 hand crossbow {crossbow}
   (You found it on level 3 of the Dungeon)
Missiles
 b - 33 arrows
 m - 6 bolts
 n - 20 stones {throwing}
 H - 6 javelins {throwing}
 I - 3 poisoned darts (quivered) {throwing}
Armour
 c - a +0 buckler (worn)
 j - a +0 plate armour (worn)
   (You found it on level 1 of the Dungeon)
 x - a +1 cloak (worn)
   (You found it on level 5 of the Dungeon)
 D - a +0 scale mail of cold resistance
   (You found it on level 5 of the Dungeon)
Magical Staves
 v - a staff of conjuration {!a@e2staff}
   (You found it on level 4 of the Dungeon)
 w - a staff of cold {!astaff}
   (You found it on level 6 of the Dungeon)
 G - a staff of poison {!astaff}
   (You found it on level 6 of the Dungeon)
Jewellery
 g - an amulet of the acrobat (around neck)
   (You found it on level 1 of the Dungeon)
 p - a +4 ring of slaying (left hand)
   (You found it on level 5 of the Dungeon)
 y - a ring of resist corrosion (right hand)
   (You found it in an ossuary)
 K - an amulet of faith {!P}
   (You found it on level 8 of the Dungeon)
Wands
 C - a wand of polymorph (19)
   (You found it on level 6 of the Dungeon)
Scrolls
 i - 2 scrolls of magic mapping {!r}
 q - a scroll of immolation {!r!r}
 t - a scroll of summoning
 A - 4 scrolls of teleportation {@r4}
Potions
 d - a potion of might
 e - 7 potions of curing {@q1}
 l - 2 potions of haste {@q3}
 s - a potion of brilliance
 u - 2 potions of flight
 z - 2 potions of attraction {!q}
 B - a potion of ambrosia
 E - a potion of berserk rage {!q}
 M - a potion of degeneration {unknown}

Dungeon Overview and Level Annotations

Branches:
Dungeon (9/15)             Temple (0/1) D:4            Lair (0/6) D:9
Ossuary (visited)
    Orc: D:9-12

Altars:
Ashenzari
Dithmenos
Fedhas
Gozag
Hepliaklqana
Makhleb
Qazlal
Trog
Yredelemnul

Shops:
D:2 :

Annotations:
D:9 mcwallace's ghost, journeyman BaIE

###..#.......####..........
###.............####.......).
###..#o.........[..####......).
###..##...............# ###..##..
#..###................## #####..
..###..................# ##.
.####.....)............# ##.#
..##.......)....$......## ##.##
..#........[?..$@<......#####.##
..#.........)...W........#...##
..o......>..........####.....####
.................[..##.........##
...................)#...........#
..................[))............
....#............##.......>......
.....#...)......####.............
.....#####.....## ###...........#


You could see mcwallace's ghost (agile).


Message History

😱 HP[+1]
Things that are here:
a +0 buckler; a +0 scale mail; a +0 spear {polearm} 😱 HP[+1]
Things that are here:
a scroll of immolation {!r!r}; a +0 club {mace} 😱 HP[+1]
There is a stone staircase leading up here.
You climb upwards.
There is a stone staircase leading down here. 😱 HP[+1]
You start resting. 😎 HP[+90]
Your hp is fully restored (105).
Unknown command.
Okay, then.
a - a +0 war axe (weapon)
{axe}
As you read the scroll labelled PETYFE SOSE, it crumbles to dust.
It is a scroll of brand weapon.
Your +0 war axe {axe} erupts in a glittering mayhem of colour.
a - a +0 war axe of chaos (weapon)
{axe} You can't go up here!
You climb downwards.
Level annotation: mcwallace's ghost, journeyman BaIE Mcwallace's ghost freezes you.
You are frozen.
The orc warrior hits you with a +0 hand axe!
Mcwallace's ghost hits you. Mcwallace's ghost freezes you.
The orc warrior hits you but does no damage.
There is a stone staircase leading up here. 😕 HP[-23]
You take 23 damage, and now have 82/105 hp.
MASSIVE DAMAGE!! (PAUSE)
You barely miss mcwallace's ghost. You completely miss the orc warrior.
Mcwallace's ghost hits you. Mcwallace's ghost freezes you.
You block the orc warrior's attack. 😮 HP[-9]
You take 9 damage, and now have 73/105 hp.
You hit mcwallace's ghost.
Mcwallace's ghost suddenly seems more agile.
Your headbutt misses mcwallace's ghost. You barely miss the orc warrior.
Mcwallace's ghost hits you but does no damage.
You block the orc warrior's attack.
You slash mcwallace's ghost! Your headbutt misses mcwallace's ghost.
You barely miss the orc warrior. Mcwallace's ghost freezes you.
You are frozen.
You block the orc warrior's attack. 😮 HP[-2]
You take 2 damage, and now have 71/105 hp.
You barely miss mcwallace's ghost.
You hit the orc warrior but do no damage.
Mcwallace's ghost freezes you.
You are frozen!!
* * * LOW HITPOINT WARNING * * *
The orc warrior barely misses you. 😨 HP[-19]
You take 19 damage, and now have 52/105 hp.
You miss mcwallace's ghost. You slash the orc warrior!
Mcwallace's ghost freezes you.
You are frozen.
* * * LOW HITPOINT WARNING * * *
The orc warrior hits you from afar with a +0 halberd.
* * * LOW HITPOINT WARNING * * *
The orc warrior hits you with a +0 hand axe.
* * * LOW HITPOINT WARNING * * *
😨 HP[-11]
You take 11 damage, and now have 41/105 hp.
You slice the orc warrior!! You burn the orc warrior.
You kill the orc warrior!
You closely miss mcwallace's ghost. Mcwallace's ghost freezes you.
You are frozen.
* * * LOW HITPOINT WARNING * * *
The orc warrior hits you but does no damage. 😨 HP[-2]
You take 2 damage, and now have 39/105 hp.
The orc warrior barely misses you.
You slice the orc warrior!! You freeze the orc warrior!
You kill the orc warrior!
You barely miss mcwallace's ghost.
Mcwallace's ghost screams, "Death is your only future!"
Mcwallace's ghost hits you!
* * * LOW HITPOINT WARNING * * *
Mcwallace's ghost freezes you.
* * * LOW HITPOINT WARNING * * *
😨 HP[-10]
You take 10 damage, and now have 29/105 hp.
Mcwallace's ghost misses you. Mcwallace's ghost freezes you.
You are frozen!!
* * * LOW HITPOINT WARNING * * *
😱 HP[-18]
You take 18 damage, and now have 11/105 hp.
Mcwallace's ghost closely misses you.
Things that are here:
4 gold pieces; a +0 halberd {polearm}; a +1 plate armour Mcwallace's ghost freezes you.
You are frozen!!
You die...
Your body crumbles into a pile of gold.

Skill      XL: |  1  2  3  4  5  6  7  8  9 10 11 |
---------------+----------------------------------+-----
Fighting       | 4 5 6 7 9 11 12 | 12.6
Axes           | 3 4 5 6 7 8 10 12 | 12.4
Armour         | 4 5 6 8 9 |  9.4
Crossbows      | 1 2 4 5 6 7 |  7.0
Dodging        | |  0.5
Shields        | |  3.6

Action                   |  1- 3 |  4- 6 |  7- 9 | 10-12 || total
-------------------------+-------+-------+-------+-------++-------
Melee: War axe           |    74 |    98 |   190 |   172 ||   534
       Headbutt          |    11 |    21 |    46 |    28 ||   106
 Fire: Hand crossbow     |       |       |     3 |     3 ||     6
  Use: Scroll            |       |       |     8 |     9 ||    17
       Potion            |       |       |     7 |     3 ||    10
 Stab: Distracted        |       |     1 |     1 |     2 ||     4
Armor: Scale mail        |    32 |       |       |       ||    32
       Plate armour      |    41 |    54 |    85 |    62 ||   242
Dodge: Dodged            |    51 |    55 |    60 |    83 ||   249
Block: Buckler           |    25 |    18 |    26 |    27 ||    96

Levels and vault maps discovered:
D:1:      mrwooster_arrival_statue_2, layout_basic
D:2:      layout_basic, chequers_ecumenical_altar_island, serial_shops, shop,
          minivault_23
D:3:      layout_basic, grunt_gozag_statues, general_overflow_altar,
          mainiacjoe_overflow_alcove_2, moated_statue,
          minmay_fractal_squares_gapless_5
D:4:      layout_gridville, mainiacjoe_overflow_big_doors,
          minmay_temple_entry_purple_smoke, grunt_decor_fettered
D:5:      layout_loops_cross, mainiacjoe_overflow_six_doors_small,
          gup_ossuary_entry_pyramid, gammafunk_ghost_cemetery, st_stairs_6
D:6:      layout_basic, fedhas_altar_1, mainiacjoe_overflow_boulevard,
          chequers_decorated_corner
D:7:      layout_loops_ring, grunt_dithmenos_smoke, ebering_ghost_rock_garden,
          kb_lookout_dungeons_type, hangedman_decor_push
D:8:      layout_cave_pods, serial_park, serial_park_square1
          [serial_park_minivault_5x5_5], serial_park_paths
          [serial_park_minivault_5x5_1], serial_park_square2,
          serial_park_tiny_2, uniq_grum
D:9:      layout_cave_pods, erik_lair_orcish_takeover,
          biasface_ghost_orc_armoury, ldierk_geyser, uniq_maurice

Notes
Turn   | Place    | Note
-------+----------+-------------------------------------------
     0 | D:1      | Sanktem7 the Minotaur Fighter began the quest for the Orb.
     0 | D:1      | Reached XP level 1. HP: 19/19 MP: 0/0
     0 | D:1      | magus.rc [v1.9.6]
    45 | D:1      | Reached XP level 2. HP: 16/27 MP: 1/1
   226 | D:1      | Reached skill level 4 in Fighting
   238 | D:1      | Reached skill level 3 in Axes
   878 | D:2      | Found Koicavea's Book Boutique.
   887 | D:2      | Reached skill level 4 in Armour
   891 | D:2      | Reached XP level 3. HP: 27/33 MP: 2/2
   985 | D:2      | Found a faded altar of an unknown god.
  1021 | D:2      | You pick up a book of Spectacle and begin reading...
  1021 | D:2      | You add the spells Dazzling Flash, Iskenderun's Mystic
                  | Blast and Starburst to your library.
  1257 | D:2      | Reached XP level 4. HP: 24/41 MP: 3/3
  1267 | D:2      | Reached skill level 4 in Axes
  1757 | D:3      | Reached skill level 5 in Fighting
  1762 | D:3      | Reached XP level 5. HP: 18/48 MP: 4/4
  2047 | D:3      | Found an opulent altar of Gozag.
  2314 | D:3      | Found a burning altar of Makhleb.
  2529 | D:3      | Found a hazy altar of Hepliaklqana.
  2900 | D:3      | Reached skill level 5 in Axes
  3211 | D:3      | Became a worshipper of Gozag Ym Sagoz the Greedy
  3291 | D:4      | Noticed an ogre
  3294 | D:4      | HP: 9/48 [ogre (11)]
  3543 | D:4      | Killed an ogre
  3544 | D:4      | Reached XP level 6. HP: 25/57 MP: 5/5
  3772 | D:4      | Reached skill level 6 in Fighting
  3772 | D:4      | Reached skill level 5 in Armour
  4041 | D:4      | Found a broken altar of Ashenzari.
  4087 | D:4      | Reached skill level 1 in Crossbows
  4300 | D:4      | Found a staircase to the Ecumenical Temple.
  4337 | D:4      | Found a basalt altar of Yredelemnul.
  4513 | D:5      | Entered Level 5 of the Dungeon
  4520 | D:5      | Reached skill level 6 in Axes
  4520 | D:5      | Reached XP level 7. HP: 64/64 MP: 6/6
  4580 | D:5      | Found a bloodstained altar of Trog.
  4687 | D:5      | Found a sand-covered staircase.
  4726 | Ossuary  | Entered an ossuary
  4726 | Ossuary  | Noticed a wraith
  4726 | Ossuary  | Noticed a wraith
  4726 | Ossuary  | Noticed a wraith
  5069 | Ossuary  | Reached skill level 7 in Fighting
  5069 | Ossuary  | Reached skill level 2 in Crossbows
  5131 | Ossuary  | Noticed a wraith
  5139 | Ossuary  | Killed a wraith
  5283 | Ossuary  | Reached skill level 7 in Axes
  5838 | D:5      | Reached XP level 8. HP: 69/73 MP: 7/7
  5987 | D:5      | Found a runed translucent gate.
  5987 | D:5      | Found a runed translucent gate.
  5987 | D:5      | Found a runed translucent gate.
  5987 | D:5      | Noticed JustinTrotter's ghost (amateur DDEE)
  5988 | D:5      | Noticed CDVAlor's ghost (novice GnWn)
  6008 | D:5      | Reached skill level 6 in Armour
  6057 | D:5      | You pick up a book of Storms and begin reading...
  6057 | D:5      | You add the spells Airstrike, Summon Lightning Spire and
                  | Lightning Bolt to your library.
  6347 | D:5      | Killed JustinTrotter's ghost
  6348 | D:5      | Reached skill level 8 in Fighting
  6348 | D:5      | Reached skill level 3 in Crossbows
  6360 | D:5      | HP: 14/74 [frozen (14)]
  6366 | D:5      | HP: 7/74 [frozen (8)]
  6369 | D:5      | Killed CDVAlor's ghost
  6370 | D:5      | Reached skill level 8 in Axes
  6370 | D:5      | Reached skill level 4 in Crossbows
  6770 | D:6      | Reached skill level 9 in Fighting
  6924 | D:6      | Reached XP level 9. HP: 76/83 MP: 8/8
  6973 | D:6      | Reached skill level 7 in Armour
  7015 | D:6      | Found a stormy altar of Qazlal.
  7092 | D:6      | Reached skill level 9 in Axes
  7103 | D:6      | Found a blossoming altar of Fedhas.
  7111 | D:6      | You add the spells Sting, Poisonous Vapours and Olgreb's
                  | Toxic Radiance to your library.
  7234 | D:7      | Found a runed translucent gate.
  7234 | D:7      | Found a runed translucent gate.
  7234 | D:7      | Found a runed translucent gate.
  7245 | D:7      | Noticed Clumpoid's ghost (novice TrMo)
  7518 | D:7      | Found a shadowy altar of Dithmenos.
  7525 | D:7      | Reached skill level 10 in Fighting
  7528 | D:7      | Reached skill level 5 in Crossbows
  7951 | D:7      | Reached skill level 10 in Axes
  8276 | D:7      | Killed Clumpoid's ghost
  8277 | D:7      | Reached skill level 8 in Armour
  8348 | D:8      | Noticed a two-headed ogre
  8358 | D:8      | Killed a two-headed ogre
  8359 | D:8      | Reached skill level 11 in Fighting
  8359 | D:8      | Reached XP level 10. HP: 30/95 MP: 9/9
  8670 | D:8      | You pick up a book of Displacement and begin reading...
  8670 | D:8      | You add the spells Lesser Beckoning, Gell's Gravitas and
                  | Teleport Other to your library.
  9073 | D:8      | Reached skill level 11 in Axes
  9073 | D:8      | Reached skill level 6 in Crossbows
  9708 | D:8      | Noticed Grum
  9718 | D:8      | Killed Grum
  9890 | D:8      | Gained mutation: Armour fits poorly on your strangely
                  | shaped body. [potion of mutation]
  9933 | D:8      | magus.rc [v1.9.6]
  9972 | D:9      | You pick up a book of Displacement and begin reading...
  9997 | D:9      | Reached skill level 12 in Fighting
 10101 | D:9      | Found a staircase to the Lair.
 10104 | D:9      | Reached skill level 9 in Armour
 10109 | D:9      | Noticed Maurice
 10116 | D:9      | Reached skill level 12 in Axes
 10257 | D:9      | Killed Maurice
 10417 | D:9      | HP: 24/97 [gnoll sergeant (6)]
 10433 | D:9      | HP: 19/97 [gnoll (5)]
 11029 | D:9      | Reached XP level 11. HP: 88/105 MP: 10/10
 11196 | D:9      | Noticed a two-headed ogre
 11206 | D:9      | Killed a two-headed ogre
 11207 | D:9      | Reached skill level 7 in Crossbows
 11796 | D:9      | Found a runed translucent gate.
 11798 | D:9      | Found a runed translucent gate.
 11798 | D:9      | Found a runed translucent gate.
 11799 | D:9      | Noticed mcwallace's ghost (journeyman BaIE)
 11834 | D:9      | HP: 18/105 [orc priest/divine providence (12)]
 11835 | D:9      | HP: 8/105 [frozen (10)]
 11841 | D:9      | HP: 7/105 [frozen (22)]
 12218 | D:9      | HP: 11/105 [frozen (19)]
 12220 | D:9      | Frozen to death by mcwallace's ghost

Vanquished Creatures
  2 two-headed ogres
  The ghost of Clumpoid the Grappler, a novice TrMo of Vehumet (D:7)
  The ghost of CDVAlor the Gusty, a novice GnWn (D:5)
  Maurice (D:9)
  The ghost of JustinTrotter the Ducker, an amateur DDEE (D:5)
  A wraith (Ossuary)
  Grum (D:8)
  9 yaks (D:8)
  A wyvern (D:9)
  3 wargs (D:9)
  3 water moccasins (D:7)
  An ice beast (D:7)
  6 orc warriors
  2 necrophages
  3 black bears
  2 sky beasts
  3 centaurs
  2 ogres
  2 wolves (D:8)
  2 phantoms
  A kobold brigand (D:6)
  A bullfrog (D:9)
  3 gnoll sergeants
  A scorpion (D:5)
  A wyvern skeleton (D:7)
  2 howler monkeys (D:9)
  2 bullfrog zombies
  A centaur zombie (D:9)
  2 hounds
  7 orc priests
  A human zombie (Ossuary)
  2 iguanas
  9 orc wizards
  A killer bee zombie (D:8)
  4 mummies
  A howler monkey skeleton (D:5)
  3 adders
  16 gnolls
  A howler monkey zombie (D:6)
  2 shadow imps
  2 worms
  A dart slug (D:3)
  39 orcs
  8 bats
  5 endoplasms
  4 giant cockroaches
  6 goblins
  6 hobgoblins
  12 jackals
  13 kobolds
  3 quokkas
  2 ball pythons
  A frilled lizard (D:2)
  2 goblin zombies (Ossuary)
  3 hobgoblin zombies (Ossuary)
  3 kobold zombies (Ossuary)
  An orc zombie (Ossuary)
  7 rats
226 creatures vanquished.

Vanquished Creatures (others)
  A plant (D:9)
  5 withered plants (D:5)
6 creatures vanquished.

Grand Total: 232 creatures vanquished

Table legend:
 A = Non-vault XP
 B = Vault XP
 C = Vault XP percentage of total XP
 D = Non-vault monster count
 E = Vault monster count
 F = Vault count percentage of total count
                 A         B        C        D         E       F
            +---------+---------+-------+---------+---------+-------
      Total |    8198 |    4280 |  34.3 |     186 |      40 |  17.7
            +---------+---------+-------+---------+---------+-------
        D:1 |      36 |       0 |   0.0 |      21 |       0 |   0.0
        D:2 |     109 |       0 |   0.0 |      31 |       0 |   0.0
        D:3 |     153 |       8 |   5.0 |      24 |       4 |  14.3
        D:4 |     353 |       0 |   0.0 |      14 |       0 |   0.0
        D:5 |     499 |    1104 |  68.9 |       9 |       4 |  30.8
        D:6 |     699 |       0 |   0.0 |      12 |       0 |   0.0
        D:7 |    1297 |     892 |  40.7 |      24 |       2 |   7.7
        D:8 |    3249 |     442 |  12.0 |      28 |       3 |   9.7
        D:9 |    1803 |    1512 |  45.6 |      23 |      13 |  36.1
    Ossuary |       0 |     322 | 100.0 |       0 |      14 | 100.0
            +---------+---------+-------+---------+---------+-------

Illustrated notes

Table legend:
 A = Kills in this place as a percentage of kills in entire the game.
 B = Kills by you in this place as a percentage of kills by you in the entire game.
 C = Kills by friends in this place as a percentage of kills by friends in the entire game.
 D = Other kills in this place as a percentage of other kills in the entire game.
 E = Experience gained in this place as a percentage of experience gained in the entire game.
 F = Experience gained in this place divided by the number of levels of this place that you have seen.
                   A       B       C       D       E      F
               +-------+-------+-------+-------+-------+----------------------
         Total | 100.0 | 100.0 |   N/A |   N/A | 100.0 | 1247.8
       Dungeon |  93.8 |  93.8 |   N/A |   N/A |  97.4 | 1350.7
       Ossuary |   6.2 |   6.2 |   N/A |   N/A |   2.6 | 322.0
               +-------+-------+-------+-------+-------+----------------------

Table legend: (Time is in decaauts)
 A = Elapsed time spent in this place.
 B = Non-inter-level travel time spent in this place.
 C = Inter-level travel time spent in this place.
 D = Time resting spent in this place.
 E = Time spent auto-exploring this place.
 F = Levels seen in this place.
 G = Mean time per level.
                   A        B        C        D        E       F      G
               +--------+--------+--------+--------+--------+-----+--------+
         Total |  12290 |  11950 |    340 |   1872 |   8162 |  10 | 1229.0 |
       Dungeon |  11290 |  10950 |    340 |   1490 |   7682 |   9 | 1254.4 |
       Ossuary |    999 |    999 |      0 |    382 |    480 |   1 |  999.0 |
               +--------+--------+--------+--------+--------+-----+--------+

Top non-repeatable levels by time:
     D:8: 2083 daAuts
     D:9: 1808 daAuts
     D:3: 1785 daAuts
     D:5: 1259 daAuts
     D:7: 1107 daAuts
     D:4: 1001 daAuts
 Ossuary: 999 daAuts
     D:2: 895 daAuts
     D:1: 891 daAuts
     D:6: 458 daAuts
